 Dungeon Crawl Stone Soup version 0.23.2-30-g0e89c35649 (webtiles) character file.

Game seed: 14507345327017677913

3580 senseless the Carver (level 9, -1/62 HPs)
             Began as a Demonspawn Fighter on June 18, 2019.
             Was a Believer of Hepliaklqana.
             Slain by a death yak (4 damage)
             ... on level 7 of the Dungeon.
             The game lasted 00:33:05 (7743 turns).

senseless the Carver (Demonspawn Fighter)           Turns: 7743, Time: 00:33:05

Health: -1/62      AC:  7    Str: 19    XL:     9   Next: 84%
Magic:  9/9        EV: 11    Int: 11    God:    Hepliaklqana [**....]
Gold:   55         SH: 12    Dex: 17    Spells: 8/8 levels left

rFire    + + .     SeeInvis .   a - +0 long sword
rCold    . . .     Gourm    .   c - +1 shield
rNeg     . . .     Faith    .   x - +2 leather armour {MR+}
rPois    .         Spirit   .   F - +0 hat
rElec    +         Reflect  .   e - scarf {cloud immunity}
rCorr    .         Harm     .   (no gloves)
MR       +....                  (no boots)
Stlth    +++.......             (no amulet)
HPRegen  0.20/turn              p - +5 ring of dexterity
MPRegen  0.11/turn              k - ring of flight

@: no status effects
A: reduced essence, hooves 2, icy blue scales 1, demonic guardian 1, fire
resistance 2, nightstalker 1, electricity resistance
a: Recall Ancestor, Ancestor Identity, Renounce Religion, Evoke Flight


You were on level 7 of the Dungeon.
You worshipped Hepliaklqana.
Hepliaklqana was pleased with you.
You were not hungry.

You visited 1 branch of the dungeon, and saw 8 of its levels.

You collected 415 gold pieces.
You spent 360 gold pieces at shops.

Inventory:

Hand Weapons
 a - a +0 long sword (weapon)
 l - a +4 rapier of speed
 m - a +0 quarterstaff of crushing
 w - a +0 falchion
 z - the +5 scythe "Finisher" {speed, eviscerate}
   (You found it on level 7 of the Dungeon)

   Attacks with this weapon are significantly faster.
 A - a +4 dagger
Armour
 b - a +0 scale mail
 c - a +1 shield (worn)
 e - a scarf of cloud immunity (worn)
 i - a +0 hat
 t - a +0 cloak
 x - a +2 leather armour of magic resistance (worn)
 y - a +0 plate armour
 F - a +0 hat (worn)
Jewellery
 k - a ring of flight (right hand)
 p - a +5 ring of dexterity (left hand)
Wands
 n - a wand of flame (39)
Scrolls
 g - 8 scrolls of remove curse
Potions
 d - a potion of might
 h - 2 potions of invisibility
 j - a potion of magic
 o - a potion of flight
 q - a potion of resistance {unknown}
 r - a potion of ambrosia
 s - 5 potions of curing
 u - a potion of cancellation {unknown}
 v - 2 potions of heal wounds
 C - a potion of brilliance {unknown}
 D - a potion of haste
Comestibles
 f - 13 rations
 B - 9 chunks of flesh


   Skills:
 + Level 6.0 Fighting
 + Level 8.2 Long Blades
 + Level 6.3 Armour
 + Level 2.7 Dodging
 + Level 1.6 Stealth
 + Level 6.5 Shields


You had 8 spell levels left.
You didn't know any spells.
Your spell library contained the following spells:

 Spells                   Type           Power        Failure   Level  Hunger
 Magic Dart               Conj           #...         77%         1    ##.....
 Summon Butterflies       Summ           #.......     77%         1    ##.....
 Blink                    Tloc           N/A          88%         2    ###....
 Call Imp                 Summ           #.......     88%         2    ###....
 Slow                     Hex            #.......     88%         2    ###....
 Conjure Flame            Conj/Fire      #.......     98%         3    ####...
 Mephitic Cloud           Conj/Pois/Air  #.......     98%         3    ####...
 Recall                   Summ/Tloc      N/A          98%         3    ####...
 Fulminant Prism          Conj/Hex       #.........   100%        4    #####..
 Irradiate                Conj/Tmut      #.........   100%        5    ######.
 Summon Demon             Summ           #.........   100%        5    ######.
 Hydra Form               Tmut           #.........   100%        6    #######
 Statue Form              Tmut/Erth      #........    100%        6    #######
 Dragon Form              Tmut           #.........   100%        7    #######
 Spellforged Servitor     Conj/Summ      #.........   100%        7    #######


Dungeon Overview and Level Annotations

Branches:
Dungeon (8/15)             Temple (0/1) D:7            Lair (0/6) D:8

Altars:
Dithmenos
Fedhas
Hepliaklqana
Kikubaaqudgha
Sif Muna
Trog
Yredelemnul

Shops:
D:8 !


Innate Abilities, Weirdness & Mutations

You have hoof-like feet.
You are partially covered in icy blue scales. (AC +2)
A weak demonic guardian rushes to your aid.
You are slightly more attuned to the shadows.
Your life essence is reduced to manifest your ancestor. (-10% HP)
Your flesh is very heat resistant. (rF++)
You are resistant to electric shocks. (rElec)


Message History

You block the death yak's attack.
You hit the death yak but do no damage.
The death yak is moderately wounded.
You block the death yak's attack.
You hit the death yak but do no damage. Your kick misses the death yak.
The death yak is lightly wounded.
The death yak gores you!
You barely miss the death yak. You kick the death yak.
The death yak is moderately wounded.
The death yak gores you!!
* * * LOW HITPOINT WARNING * * *
You hit the death yak but do no damage. Your kick misses the death yak.
The death yak is lightly wounded.
The death yak closely misses you.
You riposte.
You hit the death yak.
You kick the death yak, but do no damage.
The death yak is moderately wounded.
You hit the death yak. You kick the death yak.
The death yak is moderately wounded.
The death yak gores you.
You die...

##..#..........###.#..#..##.##รทรท#
#..###.........# #.##........#..'
#..# ##.......## #.#..##.###.##.#
...# ##......####.##.#....a....#
...## ###.....##...##...######.#
....## #####..#....#####...####
.....## ##..................
......## ##............###..
.......## #Y@..........## #(.
........# #.............####.
........# ##.................
.......## #.##....#####.####
.......# #.#####.#..#..##..
......## #####.# #.#.#..#..#R
############.....## #.##..####.#
###...............####.##.#R#.#.#
....................##.#.##..###.


You could see a death yak.

Vanquished Creatures
  A troll (D:7)
  Grinder (D:4)
  A hippogriff (D:7)
  Eustachio (D:4)
  Duvessa (D:7)
  An orc warrior (D:5)
  A sky beast (D:8)
  5 ogres
  2 centaurs
  3 bullfrogs (D:7)
  A wyvern zombie (D:7)
  A scorpion (D:7)
  A howler monkey (D:7)
  2 crimson imps
  A bullfrog zombie (D:7)
  A jelly (D:5)
  6 hounds
  Crazy Yiuf (D:3)
  2 orc priests
  2 iguanas
  3 orc wizards
  2 worker ants
  A hound skeleton (D:7)
  7 adders
  A shadow imp (D:7)
  An ooze (D:4)
  An adder zombie (D:7)
  3 dart slugs
  7 leopard geckos
  17 orcs
  9 bats
  6 giant cockroaches
  4 goblins
  2 hobgoblins
  9 jackals
  7 kobolds
  4 quokkas
  A ball python (D:3)
  5 frilled lizards
  4 rats
129 creatures vanquished.

Vanquished Creatures (collateral kills)
  Sigmund (D:3)
  2 wraiths (D:7)
  An orc warrior (D:6)
  A necrophage (D:6)
  An ogre (D:6)
  A big kobold (D:7)
  Blork the orc (D:4)
  Dowan (D:7)
  A scorpion (D:7)
  A killer bee (D:7)
  A bullfrog zombie (D:5)
  A hound (D:6)
  3 orc wizards
  A worker ant (D:8)
  3 adders
  An ooze (D:6)
  A leopard gecko (D:7)
  3 orcs
  3 jackals (D:4)
  A frilled lizard (D:5)
  3 kobolds (D:7)
  A leopard gecko zombie (D:7)
33 creatures vanquished.

Vanquished Creatures (others)
  2 hexers
  3 ancestors
5 creatures vanquished.

Grand Total: 167 creatures vanquished

Notes
Turn   | Place    | Note
-------+----------+-------------------------------------------
     0 | D:1      | senseless the Demonspawn Fighter began the quest for the
                  | Orb.
     0 | D:1      | Reached XP level 1. HP: 18/18 MP: 1/1
    90 | D:1      | Gained mutation: A weak demonic guardian rushes to your
                  | aid. [demonic ancestry]
    90 | D:1      | Reached XP level 2. HP: 19/24 MP: 2/2
   144 | D:1      | Reached skill level 2 in Long Blades
   152 | D:1      | HP: 1/24 [goblin/+0 club (2)]
  1064 | D:2      | Gained mutation: You are slightly more attuned to the
                  | shadows. [demonic ancestry]
  1064 | D:2      | Reached XP level 3. HP: 27/29 MP: 3/3
  1588 | D:2      | Gained mutation: You are resistant to electric shocks.
                  | (rElec) [potion of mutation]
  1588 | D:2      | Gained mutation: Your flesh is heat resistant. (rF+)
                  | [potion of mutation]
  1588 | D:2      | Gained mutation: Your flesh is very heat resistant. (rF++)
                  | [potion of mutation]
  1777 | D:3      | Gained mutation: You are partially covered in icy blue
                  | scales. (AC +2) [demonic ancestry]
  1777 | D:3      | Reached XP level 4. HP: 8/35 MP: 4/4
  2077 | D:3      | Noticed Sigmund
  2092 | D:3      | Killed Sigmund
  2092 | D:3      | Reached skill level 3 in Long Blades
  2092 | D:3      | Reached XP level 5. HP: 41/41 MP: 5/5
  2142 | D:3      | Reached skill level 1 in Dodging
  2320 | D:3      | Found a runed translucent door.
  2321 | D:3      | Noticed Crazy Yiuf
  2333 | D:3      | Killed Crazy Yiuf
  2490 | D:4      | Noticed Grinder
  2495 | D:4      | Paralysed by Grinder for 5 turns
  2511 | D:4      | Killed Grinder
  2511 | D:4      | Reached skill level 4 in Long Blades
  2511 | D:4      | Reached XP level 6. HP: 10/48 MP: 6/6
  2921 | D:4      | Noticed Blork the orc
  2941 | D:4      | Reached XP level 7. HP: 24/53 MP: 7/7
  2953 | D:4      | Killed Blork the orc
  3311 | D:4      | Noticed Eustachio
  3343 | D:4      | Killed Eustachio
  3931 | D:5      | Entered Level 5 of the Dungeon
  3936 | D:5      | Found a hazy altar of Hepliaklqana.
  3948 | D:5      | Became a worshipper of Hepliaklqana the Forgotten
  4034 | D:5      | Found a deep blue altar of Sif Muna.
  4092 | D:5      | Found a basalt altar of Yredelemnul.
  4147 | D:5      | Found an ancient bone altar of Kikubaaqudgha.
  4199 | D:5      | Found a shadowy altar of Dithmenos.
  4221 | D:5      | Reached skill level 5 in Long Blades
  4267 | D:5      | Found a bloodstained altar of Trog.
  4285 | D:5      | Reached * piety under Hepliaklqana
  4582 | D:5      | Identified the Volume of Enchantment and Illusion
  4995 | D:6      | Gained mutation: You have large cloven feet. [demonic
                  | ancestry]
  4995 | D:6      | Reached XP level 8. HP: 54/54 MP: 8/8
  5330 | D:5      | Reached skill level 5 in Shields
  5416 | D:5      | Reached skill level 5 in Armour
  5673 | D:6      | Reached skill level 6 in Long Blades
  5849 | D:6      | Found a blossoming altar of Fedhas.
  6321 | D:7      | Reached skill level 5 in Fighting
  6331 | D:7      | Reached ** piety under Hepliaklqana
  6332 | D:7      | Remembered your ancestor Eadwine as a hexer
  6335 | D:7      | Noticed a troll
  6343 | D:7      | Killed a troll
  6343 | D:7      | Reached skill level 1 in Stealth
  6345 | D:7      | Gained mutation: You have hoof-like feet. [demonic
                  | ancestry]
  6345 | D:7      | Reached XP level 9. HP: 31/61 MP: 9/9
  6452 | D:7      | Reached skill level 7 in Long Blades
  6550 | D:7      | Noticed Duvessa
  6550 | D:7      | Noticed Dowan
  6556 | D:7      | Killed Duvessa
  6559 | D:7      | Killed Dowan
  6661 | D:7      | Found a staircase to the Ecumenical Temple.
  6793 | D:7      | Found a transporter.
  6859 | D:7      | Found a transporter.
  6910 | D:7      | Found the +5 scythe "Finisher" {speed, eviscerate}
  7530 | D:7      | Reached skill level 8 in Long Blades
  7685 | D:8      | Found Fyiko's Distillery.
  7700 | D:8      | Bought a potion of heal wounds for 75 gold pieces
  7700 | D:8      | Bought a potion of curing for 45 gold pieces
  7700 | D:8      | Bought a potion of haste for 150 gold pieces
  7700 | D:8      | Bought 2 potions of curing for 90 gold pieces
  7703 | D:8      | Noticed a death yak
  7705 | D:8      | Found a staircase to the Lair.
  7706 | D:8      | Noticed a death yak
  7706 | D:8      | Noticed a death yak
  7741 | D:7      | HP: 2/62 [death yak (19)]
  7743 | D:7      | Slain by a death yak

Skill      XL: |  1  2  3  4  5  6  7  8  9 |
---------------+----------------------------+-----
Long Blades    | 2 3 4 5 6 8 |  8.2
Armour         | 3 4 5 6 |  6.3
Shields        | 3 4 5 6 |  6.5
Dodging        | 1 2 |  2.7
Fighting       | 4 5 6 |  6.0
Stealth        | 1 |  1.6

Action                   |  1- 3 |  4- 6 |  7- 9 || total
-------------------------+-------+-------+-------++-------
Melee: Long sword        |   130 |   119 |   365 ||   614
       Kick              |       |       |   106 ||   106
Invok: Ancestor Life: He |       |       |     1 ||     1
Evoke: Wand              |       |     2 |       ||     2
  Use: Scroll            |     6 |     5 |     8 ||    19
       Potion            |     4 |       |     1 ||     5
 Stab: Sleeping          |       |       |     2 ||     2
       Distracted        |       |       |     3 ||     3
  Eat: Chunk             |     3 |     4 |    12 ||    19
       Ration            |       |       |     1 ||     1
Armor: Scale mail        |    96 |    40 |    75 ||   211
       Plate armour      |       |       |   106 ||   106
       Leather armour    |       |       |     3 ||     3
Dodge: Dodged            |    51 |    28 |    95 ||   174
Block: Shield            |    80 |    67 |   250 ||   397
       Rpst.: Long sword |    12 |     7 |    35 ||    54
